 Dungeon Crawl Stone Soup version 0.23-a0-650-ga4d50d4d25 (webtiles) character file.

202 Napalmbreeze the Gusty (level 5, -3/28 HPs)
             Began as a Tengu Air Elementalist on Jan 5, 2019.
             Killed from afar by an orc wizard (10 damage)
             ... with a puff of flame
             ... on level 3 of the Dungeon.
             The game lasted 00:12:31 (2951 turns).

Napalmbreeze the Gusty (Tengu Air Elementalist)     Turns: 2951, Time: 00:12:34

Health: -3/28      AC:  4    Str:  5 (8)  XL:     5   Next: 80%
Magic:  3/10       EV: 12    Int: 14 (17) God:
Gold:   91         SH:  0    Dex: 12 (14) Spells: 2/10 levels left

rFire    . . .     SeeInvis .   d - +0 dagger
rCold    . . .     Gourm    .   (no shield)
rNeg     . . .     Faith    .   a - +0 robe
rPois    .         Spirit   .   (helmet restricted)
rElec    .         Reflect  .   (no cloak)
rCorr    .         Harm     .   l - +1 pair of gloves
MR       .....                  (boots unavailable)
Stlth    ++........             (no amulet)
HPRegen  0.09/turn              (no ring)
MPRegen  0.12/turn              (no ring)

@: very slightly contaminated
A: beak, talons 3, able to fly 1
a: Fly


You were on level 3 of the Dungeon.
You were very hungry.

You visited 1 branch of the dungeon, and saw 3 of its levels.

You collected 91 gold pieces.

Inventory:

Hand Weapons
 d - a +0 dagger (weapon)
Armour
 a - a +0 robe (worn)
 l - a +1 pair of gloves (worn)
Jewellery
 j - an uncursed ring of positive energy {unknown}
 n - an uncursed ring of fire {unknown}
Scrolls
 b - 2 scrolls of identify {unknown}
 h - a scroll of enchant armour {unknown}
 i - a scroll of amnesia {unknown}
 k - 2 scrolls of remove curse {unknown}
Potions
 m - a potion of mutation {unknown}
 p - a potion of lignification {unknown}
 q - a potion of magic {unknown}
Comestibles
 c - 2 rations
 o - a chunk of flesh


   Skills:
 - Level 2.1 Dodging
 - Level 2.0 Stealth
 + Level 3.1 Spellcasting
 + Level 4.8 Conjurations
 * Level 5.7 Air Magic


You had 2 spell levels left.
You knew the following spells:

 Your Spells              Type           Power        Failure   Level  Hunger
a - Shock                 Conj/Air       ###.         2%          1    #......
d - Static Discharge      Conj/Air       ###.....     7%          3    ###....
s - Airstrike             Air            ###.......   21%         4    #####..

Your spell library contained the following spells:

 Spells                   Type           Power        Failure   Level  Hunger
 Swiftness                Chrm/Air       ##......     10%         2    ##.....
 Lightning Bolt           Conj/Air       ###.......   54%         5    ######.


Dungeon Overview and Level Annotations

Branches:
Dungeon (3/15)

Altars:
Ashenzari


Innate Abilities, Weirdness & Mutations

You have a beak for a mouth.
You have claws for feet.
You can fly.


Message History

Aiming: Shock (safe; 2% risk of failure)
Press: ? - help, Shift-Dir - straight line, f - orc wizard
Aim: an orc wizard, wielding a +0 dagger and wearing a +0 robe (heavily The zap hits the orc wizard.
The orc wizard appears unharmed.
The orc wizard is heavily wounded.
Casting: Shock (safe; 2% risk of failure)
Confirm with . or Enter, or press ? or * to list all spells.
You don't know that spell.
Casting: Shock (safe; 2% risk of failure)
Confirm with . or Enter, or press ? or * to list all spells.
Aiming: Airstrike (slightly dangerous; 21% risk of failure)
Press: ? - help, Dir - move target cursor, f/p - orc wizard
Aim: an orc wizard, wielding a +0 dagger and wearing a +0 robe (heavily You miscast Airstrike.
You are very lightly contaminated with residual magic.
You hear a crackling sound.
You are feeling very hungry.
The orc wizard casts a spell at you. The puff of flame hits you!
You die...

##############
#............###############
#.##########(##.............
######.##########.##.###########.
..........o....................#.
######.#######..@...........##.#.
#......# #......##.#####.##.#.
#.###### #..######.# #.##.#. #.#
#..# #.# #.#.... #.# #).# #.#
#...... #.# #..# #.# #...... #.#
#..# #.# ##...(. #{# #..# #.#
##.... #.# #..# #.########.##


You could see an orc wizard.

Vanquished Creatures
  A jelly (D:3)
  An orc priest (D:3)
  3 gnolls (D:2)
  5 adders
  An ooze (D:2)
  A worm (D:2)
  2 leopard geckos (D:2)
  An orc (D:3)
  2 ball pythons
  3 giant cockroaches
  4 goblins
  9 hobgoblins
  4 jackals (D:1)
  8 kobolds
  A quokka (D:3)
  10 bats
  A frilled lizard (D:1)
  3 rats
60 creatures vanquished.

Notes
Turn   | Place    | Note
-------+----------+-------------------------------------------
     0 | D:1      | Napalmbreeze the Tengu Air Elementalist began the quest for
                  | the Orb.
     0 | D:1      | Reached XP level 1. HP: 10/10 MP: 4/4
   227 | D:1      | Reached XP level 2. HP: 10/15 MP: 1/6
   848 | D:1      | Reached XP level 3. HP: 19/19 MP: 2/7
  1421 | D:2      | Learned a level 3 spell: Static Discharge
  1502 | D:2      | Reached XP level 4. HP: 22/24 MP: 1/8
  1569 | D:2      | Learned a level 4 spell: Airstrike
  2040 | D:2      | Reached skill level 5 in Air Magic
  2040 | D:2      | Gained mutation: You can fly. [Tengu growth]
  2040 | D:2      | Reached XP level 5. HP: 28/28 MP: 2/10
  2155 | D:2      | Found a shattered altar of Ashenzari.
  2951 | D:3      | Killed from afar by an orc wizard

Vault maps used:
D:1:      dpeg_arrival_boxorama
D:2:      ashenzari_conservatory_becter, uniq_robin
D:3:      lemuel_blue_sif_altar, minmay_misc_feat_diagonals

Skill      XL: |  1  2  3  4  5 |
---------------+----------------+-----
Conjurations   | 2 3 4 |  4.8
Air Magic      | 5 |  5.7
Spellcasting   | 3 |  3.1
Dodging        | |  2.1
Stealth        | |  2.0

Action                   |  1- 3 |  4- 6 || total
-------------------------+-------+-------++-------
Melee: Dagger            |    11 |     7 ||    18
       Peck              |     2 |       ||     2
       Kick              |     1 |     2 ||     3
 Cast: Shock             |    63 |    56 ||   119
       Static Discharge  |     1 |     4 ||     5
  Use: Potion            |       |     3 ||     3
  Eat: Chunk             |     3 |     4 ||     7
Armor: Robe              |     3 |     2 ||     5
Dodge: Dodged            |    16 |    11 ||    27

Table legend:
 A = Non-vault XP
 B = Vault XP
 C = Vault XP percentage of total XP
 D = Non-vault monster count
 E = Vault monster count
 F = Vault count percentage of total count
                 A         B        C        D         E       F
            +---------+---------+-------+---------+---------+-------
      Total |     282 |       7 |   2.4 |      56 |       4 |   6.7
            +---------+---------+-------+---------+---------+-------
        D:1 |      42 |       0 |   0.0 |      23 |       0 |   0.0
        D:2 |     130 |       7 |   5.1 |      22 |       4 |  15.4
        D:3 |     110 |       0 |   0.0 |      11 |       0 |   0.0
            +---------+---------+-------+---------+---------+-------
